Cogmind - Beta 16.1 @@@ ROGUE MODE // 2026.02.22 @ 11:12:18 Player: delta76 Result: Destroyed by X-62 Marksman with Gauss Rifle Performance ------------- Evolutions (2) 1000 Regions Visited (4) 800 Robots Destroyed (24) 120 Value Destroyed (699) 699 Prototype IDs (1) 20 Alien Tech Used (0) 0 Bonus (38) 38 TOTAL SCORE: 2677 Bonus ------- Follower Combat Kills 85 Friendly Fire -47 Cogmind --------- Core Integrity 0/550 Matter 142/300 Energy 5/100 System Corruption 0% Temperature Cool (0) Movement Core (100) Ox1 Location -8/Materials Parts ------- > --- POWER (2) -------- (None) > --- PROPULSION (2) --- (None) > --- UTILITY (2) ------ (None) > --- WEAPON (5) ------- Light EM Pulse Cannon > --- INVENTORY (5) ---- Subdweller Optics Scrap Shield Hacking Suite Remote Datajack Peak State ------------ > --- POWER ------------ Subdweller Power Source Nuclear Core > --- PROPULSION ------- Subdweller Monowheel Subdweller Monowheel > --- UTILITY ---------- Subdweller Optics Sensor Array > --- WEAPON ----------- Subdweller Machine Gun Barrage Gun Precision Assault Rifle Precision Assault Rifle Precision Assault Rifle > --- INVENTORY -------- Subdweller Optics Scrap Shield Hacking Suite Remote Datajack [Rating: 33] Favorites ----------- Power Light Ion Engine Engine Light Ion Engine Power Core Light Nuclear Core Propulsion Light Treads Treads Light Treads Leg Aluminum Leg Wheel Subdweller Monowheel Utility Small Storage Unit Device Heat Sink Storage Small Storage Unit Protection Light Armor Plating Weapon Light Assault Rifle Energy Gun Beam Rifle Energy Cannon Subdweller Beam Cannon Ballistic Gun Light Assault Rifle Build | -11 -10 -10 -10 -8 ------- Run | Yrd Mat Min Sub Mat Slots Evolved 4 | . . . . 4 Power 1 | . . . . 1 Propulsion . | . . . . . Utility . | . . . . . Weapon 3 | . . . . 3 Parts Attached 39 | 6 11 1 11 10 Power 6 | 1 2 . 2 1 Engine 4 | 1 2 . 1 . Core 2 | . . . 1 1 Reactor . | . . . . . Propulsion 8 | 2 3 . 3 . Treads 2 | 2 . . . . Leg 3 | . 3 . . . Wheel 3 | . . . 3 . Hover . | . . . . . Flight . | . . . . . Utility 6 | 1 2 1 2 . Device 4 | . 2 1 1 . Storage 1 | 1 . . . . Processor . | . . . . . Hackware . | . . . . . Protection 1 | . . . 1 . Artifact . | . . . . . Weapon 19 | 2 4 . 4 9 Energy Gun 2 | . 2 . . . Energy Cannon 6 | . . . 1 5 Ballistic Gun 11 | 2 2 . 3 4 Ballistic Cannon . | . . . . . Launcher . | . . . . . Special Weapon . | . . . . . Impact Weapon . | . . . . . Slashing Weapon . | . . . . . Piercing Weapon . | . . . . . Special Melee Weapon . | . . . . . Unidentified Prototypes 1 | . . . . 1 Parts Lost 20 | . 4 . 3 13 Power 4 | . 1 . 1 2 Propulsion 3 | . 2 . . 1 Utility 3 | . . . 1 2 Weapon 10 | . 1 . 1 8 Highest Loss Streak 13 | . 4 . 2 13 To Critical Strikes . | . . . . . Average Backups . | . . . 1 3 Power . | . . . . . Propulsion . | . . . . . Utility . | . . . 1 2 Weapon . | . . . . . Tool/Special . | . . . . . Unused Backups 3 | . . . 1 2 Power . | . . . . . Propulsion . | . . . . . Utility 2 | . . . 1 1 Weapon . | . . . . . Tool/Special 1 | . . . . 1 Average Slot Usage (%) 80 | . 79 71 88 70 Engine 10 | . 13 14 6 8 Core 3 | . . . 6 3 Treads 4 | . 11 . . . Leg 7 | . 8 14 7 . Wheel 6 | . . . 13 12 Device 16 | . 8 21 22 12 Storage 5 | . 14 7 . . Protection 1 | . . . 4 . Energy Gun 5 | . 8 14 . . Energy Cannon 3 | . . . 8 . Ballistic Gun 15 | . 13 . 16 32 Peak Build Rating 33 | 6 9 6 14 33 Average Rating 8 | 5 6 6 10 23 On Entrance 6 | . 6 6 6 14 Avg Prop Armor Cover (%) 11 | . 11 . . . Naked Turns 9 | . . . . 9 Heaviest Build 34 | 11 17 12 21 34 Greatest Support 40 | 40 40 10 40 40 Greatest Overweight (x) 8 | . 5 1 1 8 Average Overweight (x) . | . . . . . Largest Inventory Capacity 8 | 8 8 8 5 5 Average Capacity 6 | 7 8 6 5 5 Most Carried 5 | . 4 2 5 5 Average Carried 1 | . . . 2 4 Final Capacity 8 | 8 8 5 5 5 Final Carried 5 | . . 2 3 5 Class Distribution -------------------- 79% | Mutant 12% | Scavenger-Mutant 3% | Scavenger-Skirmisher Dominant Class ---------------- Mutant | -10/Materials Mutant | -10/Mines Mutant | -10/Subcaves Scavenger-Skirmisher | -8/Materials Resources | -11 -10 -10 -10 -8 ----------- Run | Yrd Mat Min Sub Mat Matter Collected 725 | 159 283 10 220 53 Remotely . | . . . . . Salvage Created 880 | . 471 . 177 232 Parts 54 | . 24 . 12 18 Haulers Intercepted . | . . . . . Recyclers Shooed 2 | . 2 . . . Parts Field Recycled . | . . . . . Retrieved Matter . | . . . . . Parts Self-Destructed 10 | . . . 10 . Prevented . | . . . . . Parts Restored . | . . . . . Kills | -11 -10 -10 -10 -8 ------- Run | Yrd Mat Min Sub Mat Combat Hostiles Destroyed 18 | . 9 . 5 4 Guns 16 | . 9 . 3 4 Cannons 2 | . . . 2 . Classes Destroyed 8 | . 5 . 1 2 Worker 3 | . 3 . . . Recycler 1 | . 1 . . . Watcher 2 | . 2 . . . Swarmer 3 | . 3 . . . Grunt 7 | . 6 . . 1 Sentry 2 | . . . . 2 Heavy 1 | . . . . 1 Subdweller 5 | . . . 5 . Best Kill Streak 4 | . 4 . 2 2 Combat Bots Only 3 | . 3 . 2 2 Max Kills in Single Turn 1 | . 1 . 1 1 Gunslinging . | . . . . . Exploded . | . . . . . Melee . | . . . . . Uniques/NPCs Destroyed . | . . . . . Combat | -11 -10 -10 -10 -8 -------- Run | Yrd Mat Min Sub Mat Hostile Shots Fired 249 | . 94 . 26 129 Missed 61 | . 22 . 6 33 Hits 188 | . 72 . 20 96 Projectile 188 | . 72 . 20 96 Critical Strikes 11 | . 3 . 1 7 Damage Taken 3057 | . 842 . 538 1677 Core 786 | . 122 . 100 564 Absorbed by Shields . | . . . . . Core Remaining (%) 55 | 100 . . 11 . Volleys Fired 111 | . 64 1 32 14 Largest 5 | . 2 1 2 5 Hottest 142 | . 112 56 110 142 Shots Fired 237 | . 120 1 64 52 Gun 215 | . 120 1 46 48 Cannon 22 | . . . 18 4 Launcher . | . . . . . Special . | . . . . . Kinetic 168 | . 74 . 46 48 Thermal 65 | . 46 1 18 . Explosive . | . . . . . Electromagnetic 4 | . . . . 4 Robot Hit Streak 10 | . 10 . 10 8 Robot Miss Streak 5 | . 5 . 4 5 Penetration Max . | . . . . . Secondary Targets 4 | . 3 . . 1 Max Gunslinging Chain 1 | . 1 . . 1 Shots Hit Robots 127 | . 63 . 32 32 Core Hits 52 | . 27 1 13 11 Critical Kills . | . . . . . Critical Parts Destroyed 1 | . 1 . . . Critical Strikes 3 | . 3 . . . Burn 2 | . 2 . . . Destroy 1 | . 1 . . . Melee Attacks . | . . . . . Impact . | . . . . . Slashing . | . . . . . Piercing . | . . . . . Sneak Attacks . | . . . . . Combat Hostiles . | . . . . . Follow-up Attacks . | . . . . . Damage Inflicted 2099 | . 745 17 741 596 Guns 1745 | . 744 15 470 516 Cannons 347 | . . . 271 76 Explosions . | . . . . . Melee . | . . . . . Ramming 7 | . 1 2 . 4 Kinetic 1353 | . 367 . 470 516 Thermal 663 | . 377 15 271 . Explosive . | . . . . . Electromagnetic 76 | . . . . 76 Impact . | . . . . . Slashing . | . . . . . Piercing . | . . . . . Highest Corruption . | . . . . . Average Corruption . | . . . . . Corruption Purged . | . . . . . Corruption Blocked . | . . . . . Overload Shots . | . . . . . Overflow Damage . | . . . . . Projectiles . | . . . . . Explosions . | . . . . . Melee . | . . . . . Knockbacks . | . . . . . Impact . | . . . . . Kinetic . | . . . . . Secondary . | . . . . . Self-Inflicted Damage 2 | . . . . 2 Shots . | . . . . . Rammed 2 | . 1 . . 1 Targets Rammed 3 | . 1 1 . 1 Kicked 1 | . . 1 . . Crushed . | . . . . . Highest Temperature 287 | . 198 . 12 287 Average Temperature 69 | . 61 . 5 92 Received Heat Transfer 852 | . 423 . 60 369 Siege Activations . | . . . . . Martial Activations . | . . . . . Shielding Activations . | . . . . . Robots Disrupted . | . . . . . Combat Hostiles . | . . . . . Robots Corrupted . | . . . . . Combat Hostiles . | . . . . . Parts Fried . | . . . . . Impact Corruptions . | . . . . . Robots Melted . | . . . . . Combat Hostiles . | . . . . . Parts Melted 1 | . . . 1 . Heat Transferred 1517 | . 1110 37 370 . Parts Sabotaged . | . . . . . Parts Stolen . | . . . . . Parts Stripped . | . . . . . Power Chain Reactions . | . . . . . Alert | -11 -10 -10 -10 -8 ------- Run | Yrd Mat Min Sub Mat Maximum Alert Level . | . . . . . Low Security (%) 100 | 100 100 100 . 100 Level 1 . | . . . . . Level 2 . | . . . . . Level 3 . | . . . . . Level 4 . | . . . . . Level 5 . | . . . . . High Security . | . . . . . Max Security . | . . . . . Peak Influence 71 | . 60 . . 71 Initial . | . . . . . Average 7 | . 16 . . 20 Influence Increases 443 | . 254 . 23 166 Destroy 0b10 Robot/C 280 | . 180 . 20 80 Destroy 0b10 Robot/NC 30 | . 30 . . . Destroy Leader 84 | . 44 . . 40 Allied During Kill 3 | . . . 3 . Destroy Structure 1 | . . . . 1 Lose Combat Pursuer 45 | . . . . 45 Influence Decreases 443 | . 254 . 23 166 Time Decay 313 | . 214 . 23 76 Lost Part 130 | . 40 . . 90 Squads Dispatched 6 | . 3 . . 3 Investigation 1 | . 1 . . . Extermination . | . . . . . Reinforcement 5 | . 2 . . 3 Assault . | . . . . . Garrison . | . . . . . Intercept . | . . . . . Searches Triggered . | . . . . . Construction Impeded . | . . . . . Haulers Reinforced . | . . . . . Active Scanning Responses . | . . . . . Cargo Convoy Interrupts . | . . . . . Stealth | -11 -10 -10 -10 -8 --------- Run | Yrd Mat Min Sub Mat Distress Signals 3 | . 2 . . 1 Communications Jammed . | . . . . . Distress Signals . | . . . . . Times Spotted 45 | . 17 . 15 13 Peak Tracking Total 7 | . 4 . 5 7 Tactical Retreats 1 | . . . . 1 Traps | -11 -10 -10 -10 -8 ------- Run | Yrd Mat Min Sub Mat Traps Triggered 3 | . . . 3 . Indirectly . | . . . . . Trap Hack Attempts . | . . . . . Triggered . | . . . . . Disarmed . | . . . . . Reprogrammed . | . . . . . Reused . | . . . . . Traps Extracted . | . . . . . Installed . | . . . . . Triggered . | . . . . . Machines | -11 -10 -10 -10 -8 ---------- Run | Yrd Mat Min Sub Mat Machines Disabled . | . . . . . Max in Single Turn . | . . . . . Machines Repaired . | . . . . . Machines Dismantled . | . . . . . Machines Sabotaged . | . . . . . Overloaded Fab Kills . | . . . . . Hacking | -11 -10 -10 -10 -8 --------- Run | Yrd Mat Min Sub Mat Machines Accessed 2 | . 2 . . . Terminals . | . . . . . Fabricators . | . . . . . Repair Stations . | . . . . . Recycling Units 2 | . 2 . . . Scanalyzers . | . . . . . Garrison Access . | . . . . . Total Hacks 8 | . 8 . . . Successful 6 | . 6 . . . Failed 2 | . 2 . . . Catastrophic 1 | . 1 . . . Database Lockouts . | . . . . . Manual 2 | . 2 . . . Terminals . | . . . . . Fabricators . | . . . . . Repair Stations . | . . . . . Recycling Units 8 | . 8 . . . Scanalyzers . | . . . . . Garrison Access . | . . . . . Terminal Hacks . | . . . . . Fabricator Hacks . | . . . . . Repair Station Hacks . | . . . . . Recycling Unit Hacks 6 | . 6 . . . Process 2 | . 2 . . . Report Inventory 1 | . 1 . . . Retrieve Matter 3 | . 3 . . . Scanalyzer . | . . . . . Garrison Access Hacks . | . . . . . Unauthorized Hacks . | . . . . . Terminals . | . . . . . Fabricators . | . . . . . Repair Stations . | . . . . . Recycling Units . | . . . . . Scanalyzers . | . . . . . Garrison Access . | . . . . . Data Cores Recovered . | . . . . . Used . | . . . . . Hacking Detections 2 | . 2 . . . Full Trace Events 1 | . 1 . . . Feedback Events . | . . . . . Feedback Blocked . | . . . . . Robot Schematics Acquired . | . . . . . Robots Built . | . . . . . Authchips . | . . . . . Time . | . . . . . Total Robot Build Rating . | . . . . . Part Schematics Acquired . | . . . . . Parts Built . | . . . . . Authchips . | . . . . . Time . | . . . . . Total Part Build Rating . | . . . . . Part Studies Acquired . | . . . . . Parts Repaired . | . . . . . Time . | . . . . . Parts Recycled . | . . . . . Recycled Matter 237 | . 237 . . . Retrieved Matter 271 | . 271 . . . Retrieved Components . | . . . . . Parts Scanalyzed . | . . . . . Part Schematics Acquired . | . . . . . Parts Damaged . | . . . . . Bothacking | -11 -10 -10 -10 -8 ------------ Run | Yrd Mat Min Sub Mat Used RIF Installer . | . . . . . Robots Hacked . | . . . . . Non-combat . | . . . . . Combat . | . . . . . Robot Hacks Applied . | . . . . . Relay Couplers Released . | . . . . . Fabnet Peak Effective % . | . . . . . Robots Rewired . | . . . . . Allies Hacked . | . . . . . Hacks Repelled . | . . . . . Allies | -11 -10 -10 -10 -8 -------- Run | Yrd Mat Min Sub Mat Total Allies 3 | . . 3 . . Largest Group 3 | . . 3 3 . Highest-Rated Group 40 | . . 40 40 . Highest-Rated Ally 16 | . . 16 16 . Total Orders . | . . . . . Ally Attacks 37 | . . . 37 . Total Damage 483 | . . . 483 . Kills 3 | . . . 3 . Allies Corrupted . | . . . . . Allies Melted . | . . . . . Intel | -11 -10 -10 -10 -8 ------- Run | Yrd Mat Min Sub Mat Active Infowar (turns) 1269 | . . 139 918 212 Optics 263 | . . . 60 203 Sensors 1269 | . . 139 918 212 Robot Analysis Total . | . . . . . Derelict Logs Recovered 2 | . . . 2 . Drone Launches . | . . . . . Drone Recoveries . | . . . . . Exploration | -11 -10 -10 -10 -8 ------------- Run | Yrd Mat Min Sub Mat Turns Passed 3619 | 1309 824 269 918 299 Spaces Moved 1674 | 391 367 169 558 189 Core 41 | 5 4 . . 32 Treads 546 | 386 160 . . . Legs 600 | . 203 169 228 . Wheels 487 | . . . 330 157 Hover . | . . . . . Flight . | . . . . . Fastest Speed 50 | 50 120 120 110 50 Average Speed 149 | 158 171 148 140 119 Slowest Speed 450 | 160 300 190 190 450 Overloaded Moves . | . . . . . Propulsion Burnouts . | . . . . . Robots Hopped . | . . . . . Potential Cave-ins . | . . . . . Cave-ins Triggered . | . . . . . Exploration Rate (%) 26 | 19 37 17 41 18 Regions Visited 4 Branch Regions 2 Pre-discovered Areas . | . . . . . Known Exits Taken 1 | . . . 1 . Unknown Exits Taken 3 | 1 1 1 . . Scrap Searched 4 | . . 2 2 . Spaces Dug . | . . . . . Terrain Destroyed 6 | . . . 5 1 Melee . | . . . . . Projectile 6 | . . . 5 1 AOE . | . . . . . Terrain Rammed . | . . . . . Walls Destroyed . | . . . . . Machines Disabled . | . . . . . Actions | -11 -10 -10 -10 -8 --------- Run | Yrd Mat Min Sub Mat Total 2567 | 1077 456 186 621 227 Wait 708 | 681 2 12 3 10 Move 1670 | 390 366 168 557 189 Hop . | . . . . . Pick Up 11 | . . 2 7 2 Fast Attach 32 | 6 9 1 6 10 Attach . | . . . . . Detach 4 | . 4 . . . Swap 7 | . 2 . 5 . Drop 21 | . 8 1 11 1 Fire 111 | . 64 1 32 14 Melee . | . . . . . Ram 1 | . . . . 1 Kick 1 | . . 1 . . Crush 1 | . 1 . . . Escape Stasis . | . . . . . Rewire . | . . . . . Trap . | . . . . . Miscellaneous . | . . . . . Route ------- -11/Scrapyard -10/Materials -10/Mines (discovered 2 exits: [*Exi] / [*Sub]) -10/Subcaves -8/Materials History --------- Turn | Location | Event 9 | -11/Scrapyard | Discovered new exit (range 14) 1249 | -11/Scrapyard | Assembled infested the area 1310 | -11/Scrapyard | Entered Materials 1311 | -10/Materials | Build established: Mutant 1817 | -10/Materials | Discovered new exit (range 16) 1821 | -10/Materials | Lost 4 parts (1p2n1w) 2134 | -10/Materials | Entered Mines 2153 | -10/Mines | Met a Derelict bent on vengeance 2193 | -10/Mines | Deemed a non-threat by the Exiles lab entrance 2195 | -10/Mines | Discovered new exit (range 5) 2306 | -10/Mines | Assisted by bots powering up and referring to "LRC-V3" 2385 | -10/Mines | Discovered new exit (range 6) 2403 | -10/Mines | Entered Subcaves 2403 | -10/Subcaves | Accompanied by 3 allies 2470 | -10/Subcaves | Core integrity fell below 50% 2696 | -10/Subcaves | A swath of the cavern ceiling suddenly collapsed 2796 | -10/Subcaves | Ambushed by swarm of Subdwellers 2797 | -10/Subcaves | Core integrity fell below 20% 3045 | -10/Subcaves | Lost 3 allies 3116 | -10/Subcaves | Shifting Twisted Machinery released Barrage Gun 3150 | -10/Subcaves | Shifting Twisted Machinery released Sub. Monowheel 3246 | -10/Subcaves | Identified exit to Materials 3321 | -10/Subcaves | Entered Materials 3321 | -8/Materials | Evolved 4 slots: Power x1, Weapon x3 3565 | -8/Materials | Core integrity fell below 50% 3609 | -8/Materials | Core integrity fell below 20% 3620 | -8/Materials | Destroyed by X-62 Marksman with Gauss Rifle Last Messages --------------- 03587_ Acquired Lgt. EM Pulse Cannon. 03589_ Slug penetrates Wall. 03596_ Penetrated by Slug. 03596_ Broken Sub. Power Source destroyed. 03596_ Barrage Gun destroyed. 03599_ Penetrated by Slug. 03599_ Lgt. EM Pulse Cannon destroyed. 03600_ Acquired Lgt. EM Pulse Cannon. 03602_ Slug penetrates Wall. 03608_ Penetrated by Slug. 03608_ Lgt. EM Pulse Cannon destroyed. 03611_ Penetrated by Slug. 03614_ Slug penetrates Wall. 03615_ Acquired Lgt. EM Pulse Cannon. [Achievement: Hydra] 03617_ Slug penetrates Wall. 03617_ Penetrated by Slug. 03618_ Lgt. EM Pulse Cannon destroyed. 03619_ Acquired Lgt. EM Pulse Cannon. 03620_ Penetrated by Slug. Map ----- +----------------------------------------------------+ | ????????????????# """ """ | | ????????????????# | | ????????????????# | | ????????????????#### ## ########+##### ## | | ????????????????????????# #?????? ???# #? | | ????????????????????????#[ !!//#??????"""???# #? | | ????????????????????????# !!//#?????"""""??# +? | | ????????????????????????########?????"""""??# #? | | ????????????????????????????????????"""""""?# #? | | ????????????????????????????????????"""""""?# +? | | ??????????????????????????????????? ## ##? | | ???????????????????? ?????????????? ] ???# #?? | | ???????????????????? ???????????????###????# #?? | | ???????????????????# ??????????????????????# ### | | ???????????????????# ??????????????????????# | | ???????????????????# ????????????????????###+### | | ???????????????????# #???????????????????# | | ???????????????????# #???????????????????# | | ???????????????????# ########????????????# | | ???????????????????+ # #????????????# | | ???????????????????# # ###??????????####### | | ???????????????????# # g/ +??????????????# | | ???????????????????# # x# #??????????????# | | ???????????????????# # # #####+##???????# | | ???????????????????# # x +???????# | | ???????????????????# # @ # ##???????## | | ???????????????????# # ] # ### #?????????# | | ???????????????????# %# ]]] # #?# #?????????# | | ???????????????????# ######## ### ##????????# | | ???????????????????# = ## ##+####### | | ???????????????????#% [ ## % =%! | | ?????????????????? # ######## ## ! * | | ????????????????"" # #??????# ## ##### #### | | ?????????????? """ + ##?????# #######???#+#??# | | ?????????????? # ## ????# #########??????# | | ?????????????? ?# ##! ??# # [[! #??????# | | ?????????????####??# ## ?# # [[ #??????# | | ??????????????????? # # # [ [#??????+ | | ?????????????????? !! # + + [ #??????# | | ?????????????????? ]%= # "T" # # #??????# | | ????????????????? *!! # """?+ # #??????## | | ?????????????????## ####??#+##########???????? | | ??????????????????###+##??????? ?????????????????? | | ??????????????????????????????? ?????????????????? | | ??????????????????????????????? ?????????????????? | | ??????????????????????????????? ?????????????????? | | ??????????????????????????????? ?????????????????? | | ??????????????????????????????? ?????????????????? | | ??????????????????????????????? ?????????????????? | | ???????????????????????????????#?????????????????? | +----------------------------------------------------+ Best States ------------- Heat Dissipation 35 Energy Generation 24 Energy Capacity 340 Matter Stores 300 Matter Capacity 300 Sight Range 21 Robot Scan Range 14 Terrain Scan Density 10 Armor Coverage 150 Evasion (%) 55 Recoil Reduction 2 Item Schematics ----------------- None Robot Schematics ------------------ None Fabricated ------------ Nothing Repaired ---------- Nothing Studied --------- None Alien Tech Used ----------------- None Achievements -------------- Curiosity Killed The Cat DATA ERROR: Steam Global Achievement% For Emergencies Only Heavy Suspicion Hydra Organ Harvest Spot Them First There's More Where That Came From Challenges ------------ None Game ------ Seed DecoyMappingChip Manual? 0 Play Time 00:27:53 Cumulative 3.3 hours Start 2026.02.22 @ 10:48:16 End 2026.02.22 @ 11:12:18 Sessions 1 Manual Loads 0 Difficulty Rogue Special Mode None Game No. 10 Rogue 10 Adventurer 0 Explorer 0 Win Type - Total 0 Types 0/0/0/0/0/0/0/0/0/0 Lore% 1 Gallery% 8 Achievement% 7 Wizard Run 0 Options --------- Layout 1 ASCII 0 Keyboard 0 Movement Mouse Keybinds 0 Fullscreen 1 Font 24/Smallcaps Map View 50x35 Zoom Use 0% Tactical HUD 1 Map Filters NONE Filters NONE Steam 1 RUN: 4a5939aa-cee9-4589-aa5a-493e68e228ab